 Dungeon Crawl Stone Soup version 0.29.0-4-gdea44cf6ec (webtiles) character file.

Game seed: 15357324344341164771

30 qw the Chopper (level 3, -1/21 HPs)
             Began as a Tengu Warper on Aug 28, 2022.
             Slain by Terence
             ... wielding a +0 flail
              (3 damage)
             ... on level 2 of the Dungeon.
             The game lasted 00:00:07 (1171 turns).

qw the Chopper (Tengu Warper)                       Turns: 1171, Time: 00:00:08

Health: -1/21      AC:  4    Str: 13    XL:     3   Next: 18%
Magic:  7/7        EV:  9    Int: 13    God:
Gold:   89         SH:  0    Dex: 13    Spells: 6/6 levels left

rFire   . . .      SeeInvis .   Y - +0 hand axe
rCold   . . .      Faith    .   (no shield)
rNeg    . . .      Spirit   .   b - +0 leather armour
rPois   +          Reflect  .   (helmet restricted)
rElec   .          Harm     .   a - +0 cloak {rPois}
rCorr   .          Rampage  .   (no gloves)
Will    .....                   (boots unavailable)
Stlth   +.........              (no amulet)
HPRegen 0.07/turn               (no ring)
MPRegen 0.10/turn               (no ring)

@: grasped by roots, constricted
A: beak, talons 3
a: no special abilities


You were on level 2 of the Dungeon.
You visited 1 branch of the dungeon, and saw 2 of its levels.

You collected 89 gold pieces.


Innate Abilities, Weirdness & Mutations

You have a beak for a mouth.
You have claws for feet.


   Skills:
 - Level 2.0 Fighting
 + Level 3.9 Axes
 - Level 1.0 Throwing
 - Level 1.1 Armour
 - Level 2.1 Dodging
 - Level 2.0 Spellcasting
 - Level 2.4 Translocations


You had 6 spell levels left.
You didn't know any spells.
Your spell library contained the following spells:

 Spells                   Type           Power      Damage    Failure   Level
 Blink                    Tloc           14%        N/A       19%         2
 Gell's Gravitas          Tloc           7%         N/A       36%         3
 Lesser Beckoning         Tloc           7%         N/A       36%         3
 Teleport Other           Tloc           7%         N/A       36%         3
 Manifold Assault         Tloc           7%         N/A       98%         5

Inventory:

Hand Weapons
 f - a +0 whip
 Y - a +0 hand axe (weapon)
Armour
 a - a +0 cloak of poison resistance (worn)
 b - a +0 leather armour (worn)
Scrolls
 c - a scroll of amnesia {unknown}

Dungeon Overview and Level Annotations

Branches:
Dungeon (2/15)

Altars:

Annotations:
D:2 Terence


Message History

You hit the jackal.
The jackal is moderately wounded.
The jackal barely misses you.
You hit the jackal.
You kill the jackal!
You start resting.
HP restored.
You now have 75 gold pieces (gained 15).
You now have 83 gold pieces (gained 8).
c - a scroll labelled DIADAQUI UPAL You now have 89 gold pieces (gained 6).
Found a book of Debilitation.
Found a stone staircase leading up.
Enter note:
Enter note: Terence the Incautious comes into view.
He is wielding a +0 flail and carrying a wand of roots (5).
Terence shouts!
Terence zaps a wand.
The roots erupt in riotous growth!
The grasping roots grab you! The grasping roots constrict you.
You escape the roots grasp.
Terence zaps a wand.
The roots erupt in riotous growth!
The grasping roots grab you! The grasping roots constrict you.
You escape the roots grasp.
Found a stone staircase leading down.
Terence zaps a wand.
The roots erupt in riotous growth!
The grasping roots grab you!
Terence is unaffected.
The grasping roots constrict you.
You hit Terence.
Terence is moderately wounded.
Terence hits you with a +0 flail. The grasping roots constrict you.
Terence barely misses you. The grasping roots constrict you.
You hit Terence but do no damage. Your kick misses Terence.
Terence is moderately wounded.
Terence barely misses you. The grasping roots constrict you.
You closely miss Terence. You claw Terence, but do no damage.
Your peck misses Terence.
Terence is moderately wounded.
Terence hits you with a +0 flail.
You die...

#> ##.#. .....
#...# .# #...#
#.# # #....
#.#.#####
#..#@####.#......
#...$@...........
##.##.###.#......
##..##.#...:..
#.............
#.###...#....
#..<.#..## #
######...#
.......#.#
.........#


You could see Terence.

Vanquished Creatures
  3 bats
  2 endoplasms (D:1)
  2 giant cockroaches (D:1)
  A goblin (D:1)
  2 hobgoblins (D:1)
  2 jackals (D:2)
  3 kobolds (D:1)
  4 quokkas (D:1)
  2 ball pythons (D:1)
  3 frilled lizards (D:1)
  A rat (D:1)
25 creatures vanquished.

Vanquished Creatures (others)
  5 plants (D:1)
5 creatures vanquished.

Grand Total: 30 creatures vanquished

Notes
Turn   | Place    | Note
-------+----------+-------------------------------------------
     0 | D:1      | qw the Tengu Warper began the quest for the Orb.
     0 | D:1      | Reached XP level 1. HP: 12/12 MP: 4/4
     0 | D:1      | 0 ||| qw: Version: 0.1-a-89-g26bdef1
     0 | D:1      | 0 ||| qw: Game counter: 1246
     0 | D:1      | 0 ||| qw: Always use a shield: true
     0 | D:1      | 0 ||| qw: God list: Okawaru
     0 | D:1      | 0 ||| qw: Allow faded altars: false
     0 | D:1      | 0 ||| qw: Do Orc after D:15 true
     0 | D:1      | 0 ||| qw: Do second Lair branch before Depths: true
     0 | D:1      | 0 ||| qw: Lair rune preference: random
     0 | D:1      | 0 ||| qw: Plans: Normal
     0 | D:1      | 0 ||| PLANNING D:1-11
   149 | D:1      | 149 ||| Stepping ~*~*~tactically~*~*~ (stealth).
   164 | D:1      | Reached skill level 3 in Axes
   164 | D:1      | Reached XP level 2. HP: 13/17 MP: 6/6
   168 | D:1      | 168 ||| Stepping ~*~*~tactically~*~*~ (stealth).
   217 | D:1      | 217 ||| Stepping ~*~*~tactically~*~*~ (stealth).
   220 | D:1      | 220 ||| Stepping ~*~*~tactically~*~*~ (stealth).
   497 | D:1      | Found a faded altar of an unknown god.
   730 | D:1      | Reached XP level 3. HP: 18/21 MP: 7/7
   980 | D:1      | 980 ||| DROPPING orb of mayhem.
   981 | D:1      | 981 ||| READING scroll labelled WAUV ITHRISMARCH.
   982 | D:1      | 982 ||| READING scroll labelled BYNAAN XUXIAC.
   983 | D:1      | 983 ||| READING scroll labelled BUHIXT JAEMIY.
   983 | D:1      | Identified a scroll of acquirement
   983 | D:1      | 983 ||| ACQUIRING +0 cloak of poison resistance
   983 | D:1      | Acquired a +0 cloak of poison resistance
   985 | D:1      | 985 ||| UPGRADING to +0 cloak of poison resistance.
   990 | D:1      | 990 ||| DROPPING scroll of blinking.
  1165 | D:2      | Noticed Terence
  1169 | D:2      | HP: 3/21 [constriction (3)]
  1171 | D:2      | Slain by Terence

Levels and vault maps discovered:
D:1:      nagdon_arrival_double_spiral, layout_basic,
          chequers_ecumenical_altar_island, chequers_big_river
D:2:      layout_basic, st_stairs_2, hangedman_feature_mirror,
          solitary_fountain, minmay_octomino_c4, uniq_terence,
          uniq_crazy_yiuf_cottage

Skill      XL: |  1 |
---------------+----+-----
Axes           | 3 |  3.9
Fighting       | |  2.0
Throwing       | |  1.0
Armour         | |  1.1
Dodging        | |  2.1
Spellcasting   | |  2.0
Translocations | |  2.4

Action                   || total
-------------------------++-------
Melee: Hand axe          ||    64
       Kick              ||    17
       Peck              ||     7
Throw: Boomerang         ||     7
  Use: Scroll            ||     3
Armor: Leather armour    ||    21
Dodge: Dodged            ||    45

Table legend:
 A = Non-vault XP
 B = Vault XP
 C = Vault XP percentage of total XP
 D = Non-vault monster count
 E = Vault monster count
 F = Vault count percentage of total count
                 A         B        C        D         E       F
            +---------+---------+-------+---------+---------+-------
      Total |      41 |       2 |   4.7 |      24 |       1 |   4.0
            +---------+---------+-------+---------+---------+-------
        D:1 |      37 |       0 |   0.0 |      22 |       0 |   0.0
        D:2 |       4 |       2 |  33.3 |       2 |       1 |  33.3
            +---------+---------+-------+---------+---------+-------
